 Dungeon Crawl Stone Soup version 0.20.0-8-g6b59dc7 (webtiles) character file.

430 dobroeutro the Cudgeler (level 6, -9/37 HPs)
             Began as a Gargoyle Fighter on June 1, 2017.
             Was an Initiate of Okawaru.
             Killed by divine providence
             ... invoked by an orc priest
              (14 damage)
             ... on level 4 of the Dungeon.
             The game lasted 00:03:44 (3042 turns).

dobroeutro the Cudgeler (Gargoyle Fighter)          Turns: 3042, Time: 00:03:45

Health: -9/37      AC: 12    Str: 22    XL:     6   Next: 99%
Magic:  6/6        EV:  7    Int:  9    God:    Okawaru [......]
Gold:   198        SH:  9    Dex: 10    Spells: 5/5 levels left

rFire    . . .     SeeInvis .   a - +0 flail
rCold    . . .     Gourm    .   c - +0 shield
rNeg     + . .     Faith    .   b - +0 scale mail
rPois    ∞         Spirit   .   y - +0 helmet of Springtime {rElec Str+2} (curse)
rElec    +         Reflect  .   (no cloak)
rCorr    .         Harm     .   (no gloves)
MR       .....                  (no boots)
Stlth    ..........             (no amulet)
Regen    0.2/turn               (no ring)
MPRegen  0.1/turn               (no ring)

@: no status effects
A: negative energy resistance 1, electricity resistance, unbreathing,
petrification resistance, rot immunity, AC +4
a: Renounce Religion


You were on level 4 of the Dungeon.
You worshipped Okawaru.
Okawaru was noncommittal.
You were not hungry.

You visited 2 branches of the dungeon, and saw 5 of its levels.

You collected 198 gold pieces.

Inventory:

Hand Weapons
 a - a +0 flail (weapon)
Armour
 b - a +0 scale mail (worn)
 c - a +0 shield (worn)
 y - the cursed +0 helmet of Springtime (worn) {rElec Str+2}
   (You found it on level 4 of the Dungeon)

   It affects your strength (+2).
   It insulates you from electricity.
   It has a curse placed upon it.
Wands
 B - a wand of confusion (42/48)
Scrolls
 e - 3 scrolls of teleportation {unknown}
 g - 3 scrolls of recharging {unknown}
 l - 3 scrolls of fog {unknown}
 m - a scroll of noise {unknown}
 n - a scroll of enchant weapon {unknown}
 p - a scroll of blinking {unknown}
 r - 2 scrolls of remove curse {unknown}
 u - 6 scrolls of identify {unknown}
 v - a scroll of immolation {unknown}
 w - a scroll of enchant armour {unknown}
 C - a scroll of fear {unknown}
Potions
 d - 3 potions of might
 i - 3 potions of lignification {unknown}
 j - a potion of degeneration {unknown}
 o - a potion of ambrosia {unknown}
 q - 2 potions of haste {unknown}
 s - a potion of brilliance {unknown}
 t - a potion of cancellation {unknown}
 x - 2 potions of curing {unknown}
 z - a potion of heal wounds {unknown}
Comestibles
 f - 2 bread rations
 h - 2 meat rations
 k - 2 royal jellies


   Skills:
 - Level 3.2 Fighting
 + Level 7.2 Maces & Flails
 - Level 3.2 Armour
 - Level 3.2 Shields


You had 5 spell levels left.
You didn't know any spells.

Dungeon Overview and Level Annotations

Branches:
Dungeon (4/15)             Temple (1/1) D:4

Altars:
Dithmenos
Elyvilon
Fedhas
Kikubaaqudgha
Makhleb
Nemelex Xobeh
Okawaru
Ru
Trog
Yredelemnul
The Shining One

Annotations:
D:4 Syneil's ghost, novice CeFi


Innate Abilities, Weirdness & Mutations

You are resistant to torment.
Your stone body is resilient. (AC +4)
You are immune to poison.
You resist negative energy. (rN+)
You are resistant to electric shocks. (rElec)
You can survive without breathing.
You are immune to petrification.
You are immune to rotting.


Message History

The orc wizard flickers and vanishes!
Deactivating autopickup; reactivate with Ctrl-A.
Your shield prevents you from hitting something.
The orc priest invokes the aid of Beogh against you.
Beogh smites you!
The orc priest mumbles some strange prayers to Beogh against you.
Beogh smites you!
* * * LOW HITPOINT WARNING * * *
Something hits you but does no damage.
You are too injured to fight recklessly!
You are too injured to fight recklessly!
You are too injured to fight recklessly!
Unknown command.
The orc priest looks satisfied for a moment.
Something hits you but does no damage.
You hear some strange, mumbled words.
All of the chunks of flesh in your inventory have rotted away.
The orc priest calls down the wrath of Beogh upon you.
Beogh smites you!
You die...

#.# #......#...... #####
######## #......#......
##(_.###._.##.###....).#######
#.....8.....#..#####o######
####..⌠.....⌠..##.....#o##....
...##.........#######......#
#######.....##########..####
......###'###........oo...###
#.....###.######@o.##.###.....
..#..............#............
###.#################.##.....#
.##.# #...............#####
.)..# #.#P######.###### ....#
#.#.P....#.# ....####
#.P......#.#
.......###.#PP....P.#
....##..........P.#.###


You could see an orc priest and 2 orcs.

Vanquished Creatures
  A phantom (D:4)
  A scorpion (D:3)
  A howler monkey (D:3)
  A crimson imp (D:4)
  2 worker ants (D:4)
  6 adders
  2 oozes (D:4)
  6 worms
  A dart slug (D:3)
  4 leopard geckos
  3 orcs
  8 bats
  4 giant cockroaches
  7 goblins
  A hobgoblin (D:1)
  8 jackals
  10 kobolds
  7 frilled lizards
  6 hobgoblin zombies (D:4)
  2 kobold skeletons (D:4)
  2 orc skeletons (D:4)
  An orc zombie (D:4)
  A quokka skeleton (D:4)
  7 rats
92 creatures vanquished.

Notes
Turn   | Place    | Note
-------+----------+-------------------------------------------
     0 | D:1      | dobroeutro the Gargoyle Fighter began the quest for the Orb.
     0 | D:1      | Reached XP level 1. HP: 14/14 MP: 1/1
   311 | D:1      | Reached XP level 2. HP: 19/19 MP: 2/2
   430 | D:1      | Reached skill level 3 in Maces & Flails
   762 | D:2      | Reached XP level 3. HP: 11/23 MP: 3/3
  1112 | D:2      | Reached skill level 4 in Maces & Flails
  1207 | D:2      | Reached XP level 4. HP: 28/28 MP: 4/4
  1225 | D:2      | Found an ancient bone altar of Kikubaaqudgha.
  1883 | D:3      | Reached skill level 5 in Maces & Flails
  1883 | D:3      | Reached XP level 5. HP: 19/32 MP: 5/5
  1989 | D:3      | Found a basalt altar of Yredelemnul.
  2397 | D:4      | Found a shadowy altar of Dithmenos.
  2397 | D:4      | Found a sacrificial altar of Ru.
  2510 | D:3      | Reached skill level 6 in Maces & Flails
  2510 | D:3      | Reached XP level 6. HP: 24/37 MP: 6/6
  2521 | D:4      | Got a steaming helmet
  2527 | D:4      | Identified the cursed +0 helmet of Springtime {rElec Str+2} (You found it on level 4 of the Dungeon)
  2600 | D:4      | Noticed a phantom
  2615 | D:4      | Killed a phantom
  2783 | D:4      | Reached skill level 7 in Maces & Flails
  2794 | D:4      | Found a glowing golden altar of the Shining One.
  2854 | D:4      | Found a staircase to the Ecumenical Temple.
  2862 | Temple   | Entered the Ecumenical Temple
  2877 | Temple   | Became a worshipper of Warmaster Okawaru
  2911 | D:4      | Noticed Syneil's ghost (novice CeFi)
  2913 | D:4      | Found a sparkling altar of Nemelex Xobeh.
  3042 | D:4      | Killed from afar by an orc priest

Skill      XL: |  1  2  3  4  5  6 |
---------------+-------------------+-----
Maces & Flails | 3 4 5 6 7 |  7.2
Fighting       | |  3.2
Armour         | |  3.2
Shields        | |  3.2

Action                   |  1- 3 |  4- 6 || total
-------------------------+-------+-------++-------
Melee: Flail             |   155 |   251 ||   406
  Eat: Chunk             |     1 |     7 ||     8
Armor: Scale mail        |   100 |   138 ||   238
Dodge: Dodged            |    64 |    90 ||   154
Block: Shield            |   108 |   117 ||   225
